 Dungeon Crawl Stone Soup version 0.31.0-11-ge490571c62 (webtiles) character file.

Game seed: 9247467358538212810

3248 Arcadio the Geomancer (level 9, -1/60 HPs)
             Began as a Gargoyle Earth Elementalist on Jan 27, 2024.
             Was a Priest of Dithmenos.
             Slain by a sky beast (4 damage)
             ... on level 7 of the Dungeon.
             The game lasted 00:17:11 (7748 turns).

Arcadio the Geomancer (Gargoyle Earth Elementalist) Turns: 7748, Time: 00:17:11

Health: -1/60      AC: 31    Str: 12    XL:     9   Next: 99%
Magic:  3/12       EV:  7    Int: 20    God:    Dithmenos [***...]
Gold:   175        SH:  0    Dex: 10    Spells: 1/12 levels left

rFire   . . .        u - +2 rapier (protect)
rCold   . . .        (no shield)
rNeg    + . .        C - +0 chain mail
rPois   ∞            m - +0 helmet
rElec   +            (no cloak)
rCorr   .            (no gloves)
SInv    .            i - +0 pair of boots
Will    .....        A - amulet of faith Stlth
                     y - +4 ring of protection
HPRegen 0.30/turn    B - ring of wizardry
MPRegen 0.13/turn

%: faith, wizardry (x1)
@: under a protective aura, wreathed by umbra
A: sickness immunity, AC +6, negative energy resistance 1, electricity
resistance, torment resistance 1, petrification resistance
a: Renounce Religion, Shadow Step


You were on level 7 of the Dungeon.
You worshipped Dithmenos.
Dithmenos was most pleased with you.
You visited 2 branches of the dungeon, and saw 8 of its levels.

You collected 175 gold pieces.

Inventory:

Hand Weapons
 e - a +0 whip
 l - a +0 flail
 u - a +2 rapier of protection (weapon)
Armour
 a - a +0 robe
 g - a +0 leather armour
 i - a +0 pair of boots (worn)
 m - a +0 helmet (worn)
 C - a +0 chain mail (worn)
 F - a +0 scale mail
Magical Staves
 h - a staff of fire
 D - a staff of conjuration
Jewellery
 f - a ring of resist corrosion
 q - a ring of ice
 y - a +4 ring of protection (left hand)
 A - an amulet of faith (around neck)
 B - a ring of wizardry (right hand)
Wands
 E - a wand of roots (11)
Scrolls
 d - a scroll of teleportation
 k - a scroll of fog
 n - a scroll of blinking
 o - 3 scrolls of vulnerability
 r - 3 scrolls of identify
 x - a scroll of poison {unknown}
Potions
 b - 3 potions of magic
 c - a potion of lignification
 j - 2 potions of curing
 p - 2 potions of heal wounds
 v - 2 potions of attraction {unknown}
 w - a potion of ambrosia {unknown}
 z - a potion of brilliance {unknown}


   Skills:
 + Level 8.6 Fighting
 + Level 8.5 Armour
 - Level 1.5 Dodging
 - Level 2.1 Stealth
 - Level 2.0 Spellcasting
 - Level 1.1 Conjurations
 + Level 10.1 Earth Magic


You had one spell level left.
You knew the following spells:

 Your Spells              Type           Power      Damage    Failure   Level
a - Sandblast             Erth           84%        2d18      1%          1
b - Stone Arrow           Conj/Erth      48%        3d10      28%         3
c - Brom's Barrelling Bo  Conj/Erth      24%        2d5       65%         4
d - Passwall              Erth           42%        N/A       4%          3

Your spell library contained the following spells:

 Spells                   Type           Power      Damage    Failure   Level
 Sting                    Conj/Alch      16%        1d4       58%         1
 Apportation              Tloc           4%         N/A       65%         1
 Necrotise                Necr           8%         1d4       65%         1
 Summon Small Mammal      Summ           8%         N/A       65%         1
 Static Discharge         Conj/Air       8%         3-4/arc   71%         2
 Petrify                  Alch/Erth      22%        N/A       73%         4
 Ensorcelled Hibernation  Hex/Ice        4%         N/A       78%         2
 Scorch                   Fire           4%         2d5       78%         2
 Fugue of the Fallen      Necr           2%         N/A       94%         3
 Swiftness                Air            2%         N/A       94%         3
 Flame Wave               Conj/Fire      4%         2d5       99%         4
 Airstrike                Air            1%         2d(1-17)  100%        4
 Anguish                  Hex/Necr       1%         N/A       100%        4
 Olgreb's Toxic Radiance  Alch           2%         N/A       100%        4
 Summon Lightning Spire   Summ/Air       2%         N/A       100%        4
 Summon Cactus Giant      Summ           1%         N/A       100%        6
 Ozocubu's Refrigeration  Ice            1%         4d7       100%        7
 Discord                  Hex            1%         N/A       100%        8


Dungeon Overview and Level Annotations

Branches:
Dungeon (7/15)             Temple (1/1) D:5

Altars:
Ashenzari
Cheibriados
Dithmenos
Elyvilon
Fedhas
Gozag
Hepliaklqana
Kikubaaqudgha
Makhleb
Nemelex Xobeh
Okawaru
Qazlal
Ru
Sif Muna
Trog
Uskayaw
Vehumet
Wu Jian
Xom
Yredelemnul
Zin
The Shining One

Annotations:
D:7 Maurice


Innate Abilities, Weirdness & Mutations

You are immune to sickness and miasma.
Your stone body is resilient. (AC +6)
You are immune to poison.
You resist negative energy. (rN+)
You are resistant to electric shocks. (rElec)
You are resistant to unholy torment.
You are immune to petrification.


Message History

The bolt of dispelling energy hits the orc!
The orc dies!
You puncture Maurice!
Maurice is lightly wounded.
You feel a little less mighty now. Something hits you. Something shocks you.
You resist.
Maurice hits you with a +0 war axe of flaming.
Maurice steals your amulet of magic regeneration!
Maurice puts on an amulet of magic regeneration.
Maurice burns you. Maurice bites you but does no damage.
You barely miss Maurice.
Maurice is lightly wounded.
Something hits you but does no damage. Maurice hits you but does no damage.
Maurice barely misses you.
You miss Maurice.
Maurice is lightly wounded.
Something hits you but does no damage.
Maurice hits you with a +0 war axe of flaming.
Maurice steals 76 gold pieces!
You now have 175 gold pieces.
Maurice burns you. Maurice bites you.
You feel your power leaking away. Maurice drains your magic.
Maurice casts a spell.
Maurice blinks!
Something hits you but does no damage.
You closely miss something. Something hits you but does no damage.
Maurice zaps a wand.
The bolt of dispelling energy hits you!
* * * LOW HITPOINT WARNING * * *
Something hits you but does no damage.
Maurice mumbles some strange words.
Maurice blinks!
You see here a howler monkey corpse.
You closely miss Maurice.
Maurice is lightly wounded.
Something hits you but does no damage. Maurice barely misses you. x2
You hit Maurice.
Your weapon exudes an aura of protection.
Your punch misses Maurice.
Maurice is lightly wounded.
Something hits you.
You die...

........##....... ....... ....
#........#......###.#...####.#
#.............#.#............#
#...................#.#......#
.................§.#..#.##...#
........................##...#
...###.##'##$........######.###
...........#...{..^...#.........
...........#+##@......#.####.###
.##............f......#.#.......
...........[.........#.#.##.##.
.#....................#.#.#...#.
............................_...
......................#.#.#...#.
.....................#.#.##.##.
.....#................#.#.......
......................#.####.###


You could see Maurice.

Vanquished Creatures
  Maggie (D:7)
  Prince Ribbit (D:7)
  A wyvern (D:7)
  Eustachio (D:4)
  Duvessa (D:6)
  2 water moccasins
  An ice beast (D:5)
  A black bear (D:5)
  4 ogres
  A centaur (D:5)
  2 gnoll sergeants
  2 scorpions (D:4)
  Dowan (D:6)
  6 killer bees (D:4)
  A howler monkey (D:7)
  3 electric eels (D:6)
  3 bombardier beetles
  4 hounds
  3 orc priests
  3 jellies
  A sleepcap (D:6)
  3 iguanas
  2 orc wizards (D:6)
  7 gnolls
  8 adders
  A shadow imp (D:5)
  4 white imps
  2 ufetubi (D:6)
  A dart slug (D:1)
  5 ribbon worms
  15 orcs
  6 ball pythons
  3 bats
  10 endoplasms
  A giant cockroach (D:1)
  7 goblins
  7 hobgoblins
  4 jackals (D:4)
  7 quokkas
  4 frilled lizards
  6 kobolds
  7 rats
153 creatures vanquished.

Vanquished Creatures (others)
  An orc (D:7)
1 creature vanquished.

Grand Total: 154 creatures vanquished

Notes
Turn   | Place    | Note
-------+----------+-------------------------------------------
     0 | D:1      | Arcadio the Gargoyle Earth Elementalist began the quest for
                  | the Orb.
     0 | D:1      | Reached XP level 1. HP: 10/10 MP: 3/3
   304 | D:1      | Reached XP level 2. HP: 16/16 MP: 1/5
   397 | D:1      | Reached skill level 1 in Fighting
   397 | D:1      | Reached skill level 1 in Armour
   444 | D:1      | Reached skill level 4 in Earth Magic
   973 | D:1      | Reached XP level 3. HP: 20/20 MP: 4/6
  1022 | D:1      | Learned a level 3 spell: Stone Arrow
  1614 | D:2      | Reached XP level 4. HP: 25/26 MP: 4/7
  2063 | D:3      | Found a faded altar of an unknown god.
  2072 | D:3      | Prayed at the altar of an unknown god.
  2072 | D:3      | Became a worshipper of Dithmenos the Shadowed
  2072 | D:3      | Reached * piety under Dithmenos
  2893 | D:4      | Noticed Eustachio
  2898 | D:4      | Killed Eustachio
  2899 | D:4      | Reached skill level 5 in Earth Magic
  2899 | D:4      | Reached XP level 5. HP: 28/32 MP: 1/8
  2899 | D:4      | Reached XP level 6. HP: 32/37 MP: 1/9
  3054 | D:4      | Reached skill level 6 in Earth Magic
  3059 | D:4      | Learned a level 4 spell: Brom's Barrelling Boulder
  3104 | D:4      | Reached XP level 7. HP: 44/44 MP: 8/10
  3145 | D:4      | Reached ** piety under Dithmenos
  4092 | D:5      | Entered Level 5 of the Dungeon
  4119 | D:4      | Reached skill level 5 in Fighting
  4119 | D:4      | Reached skill level 5 in Armour
  4204 | D:4      | HP: 2/44 [killer bee (1)]
  4206 | D:4      | Reached skill level 7 in Earth Magic
  4442 | D:4      | Reached XP level 8. HP: 49/50 MP: 0/11
  4945 | D:5      | Found a staircase to the Ecumenical Temple.
  4954 | Temple   | Entered the Ecumenical Temple
  5006 | D:5      | Reached skill level 8 in Earth Magic
  5935 | D:5      | Reached XP level 9. HP: 51/56 MP: 12/12
  6206 | D:6      | Noticed Duvessa
  6206 | D:6      | Noticed Dowan
  6340 | D:6      | Reached *** piety under Dithmenos
  6968 | D:6      | Killed Duvessa
  6969 | D:6      | Reached skill level 9 in Earth Magic
  7027 | D:6      | Killed Dowan
  7489 | D:6      | Learned a level 3 spell: Passwall
  7605 | D:7      | Found a sacrificial altar of Ru.
  7680 | D:7      | Noticed Maggie
  7719 | D:7      | Noticed Prince Ribbit
  7720 | D:7      | Killed Maggie
  7722 | D:7      | Noticed Maurice
  7733 | D:7      | Reached skill level 10 in Earth Magic
  7739 | D:7      | Killed Prince Ribbit
  7742 | D:7      | Maurice stole an amulet of magic regeneration
  7744 | D:7      | Maurice stole 76 gold
  7745 | D:7      | HP: 2/60 [Maurice/bolt of dispelling energy (16)]
  7748 | D:7      | Slain by a sky beast

Illustrated notes

Levels and vault maps discovered:
D:1:      saegor_arrival_fortress, layout_loops_corners, due_unseen_surprise
D:2:      layout_rooms
D:3:      layout_loops_ring, dilly_ecumenical_altar_fadedgnrine,
          serial_bayou_pond_a, hangedman_glass_teeth, serial_bayou_crossing
D:4:      minmay_recursive_quarters, layout_loops_ring, uniq_eustachio
D:5:      layout_cave_pools, minmay_temple_entry_arrows, grunt_ministairs_7,
          nrook_uturn
D:6:      layout_loops_cross, serial_bayou_lake_a, uniq_duvessa
D:7:      layout_basic, nicolae_ru_sacrificial_ziggurat, uniq_prince_ribbit1,
          uniq_maggie, uniq_maurice, uniq_joseph
Temple:   nicolae_temple_bog_church

Skill      XL: |  1  2  3  4  5  6  7  8  9 |
---------------+----------------------------+-----
Fighting       | 1 2 3 4 5 6 8 |  8.6
Armour         | 1 2 3 4 5 6 8 |  8.5
Earth Magic    | 4 5 6 7 8 10 | 10.1
Dodging        | |  1.5
Stealth        | |  2.1
Spellcasting   | |  2.0
Conjurations   | |  1.1

Action                     |  1- 3 |  4- 6 |  7- 9 || total
---------------------------+-------+-------+-------++-------
  Melee: Whip              |    11 |       |       ||    11
         Flail             |    11 |     4 |       ||    15
         Rapier            |       |     3 |   382 ||   385
         Punch             |       |       |     4 ||     4
   Cast: Sandblast         |    47 |    52 |    40 ||   139
         Stone Arrow       |       |     2 |    45 ||    47
    Use: Scroll            |       |     8 |     1 ||     9
         Potion            |       |       |     3 ||     3
   Stab: Sleeping          |       |       |     3 ||     3
 Armour: Robe              |     7 |       |       ||     7
         Leather armour    |    21 |    26 |   123 ||   170
         Chain mail        |       |       |   373 ||   373
  Dodge: Dodged            |    24 |    21 |   299 ||   344
